 Dungeon Crawl Stone Soup version 0.31.0-11-ge490571c62 (webtiles) character file.

Game seed: 15887190716827302666

38 Arcadio the Cudgeller (level 3, -4/23 HPs)
             Began as a Gargoyle Gladiator on Feb 3, 2024.
             Slain by a gnoll
             ... wielding a +0 club
              (5 damage)
             ... on level 2 of the Dungeon.
             The game lasted 00:01:14 (684 turns).

Arcadio the Cudgeller (Gargoyle Gladiator)           Turns: 684, Time: 00:01:15

Health: -4/23      AC:  6    Str: 19    XL:     3   Next: 43%
Magic:  3/3        EV: 12    Int:  8    God:
Gold:   24         SH:  0    Dex: 11    Spells: 2/2 levels left

rFire   . . .        a - +0 flail
rCold   . . .        (no shield)
rNeg    + . .        b - +0 leather armour
rPois   ∞            c - melded +0 helmet
rElec   +            (cloak currently unavailable)
rCorr   .            (gloves currently unavailable)
SInv    .            (boots currently unavailable)
Will    .....        (no amulet)
Stlth   +            (no ring)
HPRegen 0.23/turn    (no ring)
MPRegen 0.08/turn

%: no passive effects
@: beast-form
A: beast (slay +0), sickness immunity, AC +3, negative energy resistance 1,
electricity resistance, torment resistance 1, petrification resistance
a: Begin Untransformation


You were on level 2 of the Dungeon.
You were a hulking beast.
You visited 1 branch of the dungeon, and saw 2 of its levels.

You collected 64 gold pieces.
You spent 40 gold pieces at shops.

Inventory:

Hand Weapons
 a - a +0 flail (weapon)
Missiles
 d - 3 throwing nets (quivered)
 e - a javelin
Armour
 b - a +0 leather armour (worn)
 c - a +0 helmet (melded)
Talismans
 f - a beast talisman (active)
Scrolls
 h - a scroll of torment {unknown}
 j - a scroll of enchant armour {unknown}
 k - a scroll of poison {unknown}
Potions
 g - 2 potions of might


   Skills:
 + Level 3.0 Fighting
 + Level 3.4 Maces & Flails
 - Level 1.7 Throwing
 + Level 1.6 Armour
 - Level 2.4 Dodging


You had 2 spell levels left.
You didn't know any spells.
Your spell library contained the following spells:

 Spells                   Type           Power      Damage    Failure   Level
 Lesser Beckoning         Tloc           0%         N/A       61%         2
 Gell's Gravitas          Tloc           0%         N/A       83%         3
 Teleport Other           Tloc           0%         N/A       83%         3


Dungeon Overview and Level Annotations

Branches:
Dungeon (2/15)

Altars:

Shops:
D:2 ?

Annotations:
D:2 Jessica


Innate Abilities, Weirdness & Mutations

You are a hulking beast.
Your limbs bulge with bestial killing power. (Slay +0)
You are immune to sickness and miasma.
Your stone body is resilient. (AC +3)
You are immune to poison.
You resist negative energy. (rN+)
You are resistant to electric shocks. (rElec)
You are resistant to unholy torment.
You are immune to petrification.


Message History

Your Fighting skill increases to level 3!
The gnoll shouts!
The gnoll closely misses you.
Jessica the Apprentice Sorceress comes into view.
She is wielding a +0 dagger.
A frilled lizard comes into view.
You see here a +1 flail of venom.
You completely miss the gnoll.
The frilled lizard hisses angrily.
Jessica casts a spell.
Jessica blinks!
The gnoll hits you with a +0 club. The gnoll hits you but does no damage.
You hit the gnoll.
The gnoll is moderately wounded.
The gnoll hits you from afar with a +0 spear.
The gnoll attacks as it pursues you! The gnoll misses you.
You see here a book of the Tundra.
The gnoll attacks as it pursues you!
The gnoll hits you from afar with a +0 spear.
The gnoll attacks as it pursues you!
The gnoll hits you from afar with a +0 spear!
* * * LOW HITPOINT WARNING * * *
The gnoll attacks as it pursues you! The gnoll hits you with a +0 club.
* * * LOW HITPOINT WARNING * * *
The gnoll attacks as it pursues you! The gnoll hits you but does no damage.
You feel better. The gnoll hits you but does no damage.
You hit the gnoll.
The gnoll is severely wounded.
The gnoll completely misses you.
The gnoll hits you from afar with a +0 spear.
The gnoll misses you. The gnoll hits you with a +0 club.
The gnoll hits you with a +0 spear.
You thump the gnoll!
The gnoll is severely wounded.
The gnoll hits you with a +0 club.
* * * LOW HITPOINT WARNING * * *
The gnoll hits you but does no damage.
You thump the gnoll!
You kill the gnoll!
The gnoll hits you with a +0 club.
You die...

### #...#.# ##.##..#.##
#### #.....# #.........#...
...###....####.....).......
...).....#........:...@#>.§
#..........................
##................#..######
#...............l@..##
..###.#...##..##)#..# ##
##.#........gh#### #
#...............#
#..................#
...##.#............# ...
#..............# ..
...............# .#
.....##....#####. .
#..#.##.....# .. ..#
.#...... ..


You could see a gnoll, Jessica and a frilled lizard.

Vanquished Creatures
  2 gnolls (D:2)
  A dart slug (D:1)
  A ball python (D:1)
  5 endoplasms
  2 giant cockroaches
  3 goblins
  2 hobgoblins (D:1)
  2 quokkas
  3 bats (D:1)
  A frilled lizard (D:1)
  2 kobolds (D:1)
  A rat (D:1)
25 creatures vanquished.

Notes
Turn   | Place    | Note
-------+----------+-------------------------------------------
     0 | D:1      | Arcadio the Gargoyle Gladiator began the quest for the Orb.
     0 | D:1      | Reached XP level 1. HP: 12/12 MP: 1/1
    27 | D:1      | Reached XP level 2. HP: 16/18 MP: 2/2
    77 | D:1      | Reached skill level 1 in Armour
   621 | D:2      | Found Dokhlut's Magic Scroll Shoppe.
   623 | D:2      | Bought a scroll of identify for 20 gold pieces
   623 | D:2      | Bought a scroll of identify for 20 gold pieces
   635 | D:2      | Reached XP level 3. HP: 22/22 MP: 3/3
   670 | D:2      | Noticed Jessica
   683 | D:2      | HP: 1/23 [gnoll/+0 club (6)]
   684 | D:2      | Slain by a gnoll

Illustrated notes

Levels and vault maps discovered:
D:1:      spicycebolla_green_bress_n_ham_2, layout_rooms
D:2:      layout_rooms, basic_altar, serial_shops,
          nicolae_shop_industrial_runoff, nicolae_shop_stone, shop, shop,
          hellmonk_ecumenical_altar_prayer_group, minmay_bisected, uniq_jessica

Skill      XL: |  1  2  3 |
---------------+----------+-----
Armour         | 1 |  1.6
Fighting       | 3 |  3.0
Maces & Flails | |  3.4
Throwing       | |  1.7
Dodging        | |  2.4

Action                     || total
---------------------------++-------
  Melee: Flail             ||    60
    Use: Scroll            ||     3
         Potion            ||     1
 Armour: Leather armour    ||    44
  Dodge: Dodged            ||    38
   Form: Beast             ||     1
